 Dungeon Crawl Stone Soup version 0.26-a0-58-g79b31b8662 (webtiles) character file.

Game seed: 11507251661372138472

210 sanka the Chiller (level 5, 0/52 HPs)
             Began as a Barachi Ice Elementalist on June 8, 2020.
             Slain by a mummy (8 damage)
             ... in an ossuary.
             The game lasted 00:09:01 (3872 turns).

sanka the Chiller (Barachi Ice Elementalist)        Turns: 3872, Time: 00:09:02

Health: 0/52       AC: 22    Str: 10    XL:     5   Next: 88%
Magic:  7/9        EV:  2    Int: 16    God:
Gold:   115        SH:  0    Dex: 12    Spells: 2/10 levels left

rFire    . . .     SeeInvis .   a - +0 quarterstaff
rCold    . . .     Gourm    .   (shield currently unavailable)
rNeg     + + +     Faith    .   (armour currently unavailable)
rPois    +         Spirit   .   (helmet currently unavailable)
rElec    .         Reflect  .   (cloak currently unavailable)
rCorr    .         Harm     .   (gloves currently unavailable)
MR       .....     NoTele   +   (boots currently unavailable)
Stlth    ++........             o - amulet of regeneration
HPRegen  0.57/turn              (no ring)
MPRegen  0.11/turn              (no ring)

@: tree-form
A: +LOS, swims
a: no special abilities


You were in an ossuary.
You were very hungry.
You were a tree.
You visited 1 branch of the dungeon, and saw 4 of its levels.
You also visited: Ossuary.

You collected 115 gold pieces.


Innate Abilities, Weirdness & Mutations

You can be seen from farther away. (+LOS)
You can swim through water.
((You cover ground slowly.))
((You can hop short distances.))


   Skills:
 - Level 2.1 Dodging
 - Level 1.7 Stealth
 - Level 3.0 Spellcasting
 + Level 1.7 Summonings
 + Level 7.6 Ice Magic


You had 2 spell levels left.
You knew the following spells:

 Your Spells              Type           Power        Failure   Level  Hunger
x - Summon Ice Beast      Ice/Summ       ###.....     26%         4    #####..
y - Frozen Ramparts       Ice            ####..       2%          3    ###....
z - Freeze                Ice            ####         1%          1    #......

Your spell library contained the following spells:

 Spells                   Type           Power        Failure   Level  Hunger
 Ozocubu's Armour         Chrm/Ice       ##......     12%         3    ###....
 Hailstorm                Conj/Ice       ##......     36%         4    #####..

Inventory:

Hand Weapons
 a - a +0 quarterstaff (weapon)
 b - a +0 hunting sling
 f - a +0 dagger
Missiles
 h - 157 stones (quivered)
 i - 14 poisoned darts
 p - 8 sling bullets
Armour
 j - a +0 helmet (melded)
 q - a +0 robe (melded)
Jewellery
 o - an amulet of regeneration (around neck)
Scrolls
 d - a scroll of teleportation {@r4}
 g - 2 scrolls of fog
 m - a scroll of amnesia
 r - a scroll of enchant armour
 s - a scroll of magic mapping {unknown}
Potions
 k - a potion of mutation {unknown}
 l - a potion of curing {@q1}
Comestibles
 c - 4 rations

Dungeon Overview and Level Annotations

Branches:
Dungeon (4/15)            Ossuary (1/1)
 Temple: D:4-7

Altars:

▒▒ .▒
▒+▒+▒'▒+▒'▒'▒
+....(...M..≈
▒▒(▒▒ ▒.(.▒
▒.ZM▒ ▒..♣▒
▒▒▒▒▒


You could see a mummy and a killer bee zombie.


Message History

The killer bee zombie hits you.
* * * LOW HITPOINT WARNING * * *
Unknown command.
You hit the mummy but do no damage.
The killer bee zombie hits you but does no damage.
The killer bee zombie hits you but does no damage.
You barely miss the mummy.
The killer bee zombie hits you but does no damage.
You hear a splashing noise.
The killer bee zombie hits you.
* * * LOW HITPOINT WARNING * * *
The mummy hits you.
* * * LOW HITPOINT WARNING * * *
The killer bee zombie hits you.
* * * LOW HITPOINT WARNING * * *
The killer bee zombie hits you but does no damage.
Unknown command.
You sock the mummy!
The mummy is heavily damaged.
The killer bee zombie hits you but does no damage.
The killer bee zombie hits you but does no damage.
The mummy hits you!
* * * LOW HITPOINT WARNING * * *
Unknown command.
You hit the mummy.
The mummy is almost destroyed.
The killer bee zombie hits you but does no damage.
The killer bee zombie hits you but does no damage.
The mummy hits you!
You die...

Action                   |  1- 3 |  4- 6 || total
-------------------------+-------+-------++-------
Melee: Dagger            |     6 |     7 ||    13
       Unarmed           |     2 |       ||     2
       Quarterstaff      |       |    20 ||    20
 Fire: Hunting sling     |       |     8 ||     8
Throw: Stone             |       |     4 ||     4
 Cast: Freeze            |    47 |    45 ||    92
       Frozen Ramparts   |       |     6 ||     6
  Use: Scroll            |     3 |     5 ||     8
       Potion            |       |     3 ||     3
 Stab: Sleeping          |       |     2 ||     2
  Eat: Chunk             |     3 |     7 ||    10
Armor: Robe              |     5 |    11 ||    16
       Skin              |       |     8 ||     8
Dodge: Dodged            |    30 |    49 ||    79

Levels and vault maps discovered:
D:1:      saegor_arrival_simple_e, layout_basic
D:2:      wad_crossroads, layout_basic
D:3:      layout_loops_ring, chequers_arboretum, uniq_robin
D:4:      layout_loops_ring, tso_altar, nicolae_ossuary_entry_ruins,
          first_ration, serial_shops, nicolae_shop_behind_doors
Ossuary:  ossuary_zaba_flooded

Notes
Turn   | Place    | Note
-------+----------+-------------------------------------------
     0 | D:1      | sanka the Barachi Ice Elementalist began the quest for the
                  | Orb.
     0 | D:1      | Reached XP level 1. HP: 13/13 MP: 3/3
    37 | D:1      | Reached skill level 5 in Ice Magic
   192 | D:1      | Reached XP level 2. HP: 17/19 MP: 1/5
  1153 | D:2      | Reached skill level 3 in Spellcasting
  1153 | D:2      | Reached XP level 3. HP: 24/24 MP: 3/7
  1158 | D:2      | Learned a level 3 spell: Frozen Ramparts
  1688 | D:2      | Reached skill level 6 in Ice Magic
  1769 | D:2      | Reached XP level 4. HP: 29/30 MP: 5/8
  2939 | D:3      | Reached skill level 7 in Ice Magic
  2939 | D:3      | Reached XP level 5. HP: 33/35 MP: 5/9
  2980 | D:3      | Noticed Robin
  2996 | D:3      | Killed Robin
  3542 | D:3      | Learned a level 4 spell: Summon Ice Beast
  3598 | D:4      | Reached skill level 1 in Summonings
  3801 | D:4      | Found a sand-covered staircase.
  3806 | Ossuary  | Entered an ossuary
  3865 | Ossuary  | HP: 1/35 [killer bee zombie (6)]
  3872 | Ossuary  | Slain by a mummy

Vanquished Creatures
  A worker ant (D:4)
  2 mummies (Ossuary)
  Robin (D:3)
  7 adders
  An ooze (D:1)
  An adder skeleton (D:4)
  A dart slug (D:1)
  A leopard gecko (D:3)
  5 orcs (D:3)
  6 bats
  6 giant cockroaches
  10 goblins
  7 hobgoblins
  8 jackals
  4 kobolds
  2 quokkas (D:2)
  A ball python (D:3)
  3 frilled lizards
  7 rats
74 creatures vanquished.
